 Dungeon Crawl Stone Soup version 0.20.1-1-g8b1a95d (webtiles) character file.

88 Inus the Magician (level 4, -6/27 HPs)
             Began as an Octopode Wizard on July 11, 2017.
             Killed by divine providence
             ... invoked by an orc priest
              (8 damage)
             ... on level 3 of the Dungeon.
             The game lasted 00:06:55 (2610 turns).

Inus the Magician (Octopode Wizard)                 Turns: 2610, Time: 00:06:55

Health: -6/27      AC:  1    Str:  6    XL:     4   Next: 54%
Magic:  1/9        EV: 15    Int: 21    God:
Gold:   70         SH:  0    Dex: 10    Spells: 0/10 levels left

rFire    . . .     SeeInvis .   g - +0 spear
rCold    + . .     Gourm    .   (no shield)
rNeg     . . .     Faith    .   a - +0 hat
rPois    .         Spirit   .   (no amulet)
rElec    .         Reflect  .   (no ring)
rCorr    .         Harm     .   (no ring)
MR       .....                  (no ring)
Stlth    +++.......             (no ring)
Regen    0.1/turn               (no ring)
MPRegen  0.2/turn               (no ring)
                                (no ring)
                                (no ring)

@: no status effects
A: almost no armour, stealthy swim, amphibious, 8 rings, constrict 8, repulsion
field 1, camouflage 1, cold resistance 1, gelatinous body 1
a: no special abilities


You were on level 3 of the Dungeon.
You were not hungry.

You visited 1 branch of the dungeon, and saw 3 of its levels.

You collected 70 gold pieces.

Inventory:

Hand Weapons
 g - a +0 spear (weapon)
Armour
 a - a +0 hat (worn)
 p - a +0 large shield
Scrolls
 d - a scroll of recharging
 e - 3 scrolls of remove curse
 j - 2 scrolls of enchant armour {unknown}
 l - a scroll of immolation {unknown}
 n - a scroll of teleportation {unknown}
 o - a scroll of enchant weapon {unknown}
 r - 2 scrolls of magic mapping {unknown}
 s - 3 scrolls of identify {unknown}
 v - a scroll of fog {unknown}
Potions
 f - a potion of resistance
 t - 2 potions of curing {unknown}
Books
 b - a book of Minor Magic

   Spells                             Type                      Level
   a - Magic Dart                     Conjuration                  1
   b - Blink                          Translocation                2
   c - Call Imp                       Summoning                    2
   d - Slow                           Hexes                        2
   e - Conjure Flame                  Conjuration/Fire             3
   f - Mephitic Cloud                 Conjuration/Poison/Air       3
Comestibles
 c - 2 bread rations
 h - 4 fruits
 k - 2 royal jellies
 u - a meat ration


   Skills:
 + Level 2.8 Dodging
 + Level 3.7 Stealth
 + Level 3.9 Spellcasting
 + Level 1.6 Conjurations
 - Level 1.0 Summonings
 - Level 1.0 Translocations


You couldn't memorise any spells.
You knew the following spells:

 Your Spells              Type           Power        Failure   Level  Hunger
a - Magic Dart            Conj           ##..         6%          1    None
b - Call Imp              Summ           #.......     12%         2    #......
c - Conjure Flame         Conj/Fire      #.......     26%         3    ###....
d - Blink                 Tloc           N/A          12%         2    #......
e - Slow                  Hex            #.......     19%         2    #......


Dungeon Overview and Level Annotations

Branches:
Dungeon (3/15)

Altars:


Innate Abilities, Weirdness & Mutations

You cannot wear most types of armour.
You are very stealthy in the water. (Stealth+)
You are amphibious.
You can wear up to eight rings at the same time.
You can use your tentacles to constrict eight enemies at once.
Your skin changes colour to match your surroundings (Stealth+).
Your rubbery body absorbs attacks. (AC +1, EV +1)
You are surrounded by a mild repulsion field. (EV +2)
Your flesh is cold resistant. (rC+)


Message History

The orc hits you but does no damage.
Your crimson imp hits the orc but does no damage.
The orc hits your crimson imp with a flail.
The orc barely misses your crimson imp.
Your crimson imp hits the orc but does no damage.
The orc hits your crimson imp with a flail.
Your crimson imp hits the orc but does no damage.
The orc completely misses your crimson imp.
Your crimson imp says, "Just tell me who NOT to kill."
Your crimson imp hits the orc.
The orc dies!
The orc priest looks encouraged for a moment.
The orc closely misses your crimson imp.
Your crimson imp completely misses the quokka.
Your crimson imp closely misses the orc.
The orc completely misses your crimson imp.
Your crimson imp hits the orc.
The orc priest mumbles some strange prayers to Beogh against you.
Beogh smites you!
You die...

##..##..###.# #...###).##.#
##++######....#..#.# .#
#....##...###.##.#.## ...##
#...5###..###..#....###.
....##....# #..............[. #
#...#..# #.####.###.##....
.###o####o..#####....#.##........
......†o†o5[5r..@.....>..........
...#o####....###.................
# ####...........)......... # #.
###.......)..[....###. #.#.###
#.............[.# #.....#
##...............# #..<##
#................#
##...#####..................
#.......#...............##.#


You could see an orc priest, an orc, a quokka and 2 friendly crimson imps.

Vanquished Creatures
  3 adders (D:2)
  2 worms (D:2)
  2 orcs (D:3)
  7 bats
  3 giant cockroaches
  A goblin (D:2)
  4 hobgoblins
  2 jackals (D:3)
  A ball python (D:2)
  4 kobolds
  6 rats
35 creatures vanquished.

Vanquished Creatures (collateral kills)
  2 adders
  An ooze (D:3)
  2 orcs (D:3)
  A frilled lizard (D:2)
  A rat (D:3)
7 creatures vanquished.

Grand Total: 42 creatures vanquished

Notes
Turn   | Place    | Note
-------+----------+-------------------------------------------
     0 | D:1      | Inus the Octopode Wizard began the quest for the Orb.
     0 | D:1      | Reached XP level 1. HP: 11/11 MP: 4/4
   664 | D:1      | Reached XP level 2. HP: 17/17 MP: 6/6
   935 | D:2      | Reached XP level 3. HP: 16/21 MP: 2/8
  1254 | D:2      | Learned a level 2 spell: Call Imp
  1258 | D:2      | Learned a level 3 spell: Conjure Flame
  1261 | D:2      | Learned a level 2 spell: Blink
  1626 | D:2      | Reached XP level 4. HP: 13/27 MP: 4/9
  2276 | D:2      | Learned a level 2 spell: Slow
  2604 | D:3      | HP: 1/27 [orc priest/divine providence (13)]
  2606 | D:3      | Gained mutation: You are surrounded by a mild repulsion field. (EV +2) [potion of mutation]
  2606 | D:3      | Gained mutation: Your flesh is cold resistant. (rC+) [potion of mutation]
  2610 | D:3      | Killed from afar by an orc priest

Skill      XL: |  1 |
---------------+----+-----
Stealth        | 3 |  3.7
Dodging        | |  2.8
Spellcasting   | |  3.9
Conjurations   | |  1.6
Summonings     | |  1.0
Translocations | |  1.0

Action                   |  1- 3 |  4- 6 || total
-------------------------+-------+-------++-------
Melee: Spear             |    64 |    21 ||    85
       Constrict         |    19 |     6 ||    25
       Tentacles         |     5 |     3 ||     8
 Cast: Magic Dart        |    22 |    15 ||    37
       Call Imp          |     2 |     8 ||    10
  Use: Scroll            |     2 |       ||     2
       Potion            |       |     5 ||     5
 Stab: Sleeping          |     6 |       ||     6
  Eat: Chunk             |     2 |     3 ||     5
Armor: Skin              |     3 |     2 ||     5
Dodge: Dodged            |    36 |    13 ||    49
